cohdb
Replays
Latest Replays
All Replays
Popular Replays
Top Player Replays
Match Explorer
How It Works
Community
CoH3 Stats
Reddit
Sign in to upload your games and track your stats! →
Sign in with Steam
Match 42964793
Unlisted
Match 42964793
Overview
Messages
Build Orders
End
Construct Infanterie Kompanie
Pioneer Squad
Selects Breakthrough Battlegroup
Selects Assault Grenadiers
Grenadier Squad
Grenadier Squad
Grenadier Squad
Grenadier Squad
Pioneer Squad
Selects Rapid Production
Medical Station
Construct Panzergrenadier Kompanie
Panzergrenadier Officer Quarters
Panzergrenadier Squad
Alessondria
Trion
0
0
Comments
sign in to comment!
No comments posted yet!